[Event "33rd ECCC Open 2017"]
[Site "Antalya"]
[Date "2017.10.11"]
[Round "3"]
[White "Thorfinnsson, Bjorn"]
[Black "Jessel, Stephen"]
[Result "1/2-1/2"]
[ECO "A40"]
[WhiteElo "2398"]
[BlackElo "2334"]
[Annotator "ChessBase"]
[PlyCount "94"]
[EventType "team-tourn"]
[EventCountry "TUR"]
[WhiteTeam "Viking"]
[BlackTeam "Gonzaga"]
[TimeControl "40/5400+30:1800+30"]

1. d4 e6 2. c4 b6 3. e4 Bb7 4. Bd3 Bb4+ 5. Nc3 f5 6. Qh5+ g6 7. Qh3 fxe4 8. Bc2 Qf6 9. Nge2 Nc6 10. Bxe4 O-O-O 11. Qg4 Qg7 12. Bd3 Nf6 13. Qh3 g5 14. Bd2 g4 15. Qe3 Ne7 16. O-O Nf5 17. Bxf5 exf5 18. Qf4 Bd6 19. Qxf5 Qg6 20. Ng3 Bxg3 21. fxg3 Qxf5 22. Rxf5 Ne4 23. Nxe4 Bxe4 24. Rf4 Bd3 25. Rxg4 Bxc4 26. Bf4 Rhg8 27. Rh4 Bd3 28. Rd1 Bg6 29. g4 d6 30. Kf2 Rde8 31. Re1 Rxe1 32. Kxe1 Re8+ 33. Kd2 Re4 34. Be3 c5 35. dxc5 bxc5 36. h3 Rc4 37. Ke1 Rc2 38. Rh6 d5 39. Bd2 Rxb2 40. h4 d4 41. h5 Be4 42. g5 c4 43. Re6 Bd3 44. g6 hxg6 45. hxg6 c3 46. Bxc3 Rxg2 47. Bxd4 Rxg6 1/2-1/2